 Dungeon Crawl Stone Soup version 0.23.0 (webtiles) character file.

Game seed: 6748858877595290139

34 Monsterracer the Skirmisher (level 3, -5/24 HPs)
             Began as a Kobold Abyssal Knight on Feb 16, 2019.
             Was a Follower of Lugonu.
             Killed by nerve-wracking pain
             ... invoked by Jessica
              (13 damage)
             ... on level 2 of the Dungeon.
             The game lasted 00:01:23 (1893 turns).

Monsterracer the Skirmisher (Kobold Abyssal Knight) Turns: 1893, Time: 00:01:24

Health: -5/24      AC:  3    Str: 10    XL:     3   Next: 50%
Magic:  4/4        EV: 14    Int: 13    God:    Lugonu [*.....]
Gold:   65         SH:  0    Dex: 14    Spells: 2/2 levels left

rFire    . . .     SeeInvis .     - Unarmed
rCold    . . .     Gourm    .   (shield restricted)
rNeg     . . .     Faith    .   a - +0 leather armour
rPois    .         Spirit   .   (no helmet)
rElec    .         Reflect  .   (no cloak)
rCorr    .         Harm     .   (no gloves)
MR       .....     Rnd*Tele +   (no boots)
Stlth    +.........             (no amulet)
HPRegen  0.08/turn              f - ring of teleportation (curse)
MPRegen  0.09/turn              (no ring)

@: slowed, very slow
A: small, carnivore
a: Depart the Abyss, Renounce Religion


You were on level 2 of the Dungeon.
You worshipped Lugonu.
Lugonu was aware of your devotion.
You were very full.

You visited 1 branch of the dungeon, and saw 2 of its levels.
You visited the Abyss 1 time.

You collected 65 gold pieces.

Inventory:

Armour
 a - a +0 leather armour (worn)
Jewellery
 f - a cursed ring of teleportation (left hand)
Scrolls
 b - 3 scrolls of teleportation {unknown}
 e - 3 scrolls of identify {unknown}
 g - 2 scrolls of remove curse {unknown}
 h - a scroll of enchant weapon {unknown}
 j - 3 scrolls of fog {unknown}
Potions
 d - a potion of flight {unknown}
 i - a potion of magic {unknown}
Comestibles
 c - 5 rations


   Skills:
 + Level 3.8 Fighting
 - Level 0.7 Armour
 - Level 2.4 Dodging
 * Level 3.2 Unarmed Combat
 - Level 2.0 Invocations


You had 2 spell levels left.
You didn't know any spells.
Your spell library was empty.

Dungeon Overview and Level Annotations

Branches:
Dungeon (2/15)

Altars:

Annotations:
D:2 Jessica


Innate Abilities, Weirdness & Mutations

You are small and have problems with some larger weapons.
You are carnivorous and can eat meat at any time.


Message History

Found 3 scrolls labeled GELOGG ENLO.
Health restored: 24 A dart slug is nearby!
A dart slug is nearby!
There is an open door here.
The dart slug closely misses you.
You hit the dart slug.
The dart slug is moderately wounded.
You hit the dart slug but do no damage.
The dart slug is moderately wounded.
The dart slug bites you.
You take 3 damage, and have 21/24 hp.
You hit the dart slug.
You kill the dart slug!
Lugonu accepts your kill.
No target in view!
Key pressed, stopping explore.
No target in view!
Health restored: 24
j - 3 scrolls labeled GELOGG ENLO No target in view!
You open the door.
There is an open door here.
There is an open door here.
As you open the door, it creaks loudly!
There is an open door here.
A leopard gecko comes into view.
A leopard gecko is nearby!
The leopard gecko hisses angrily.
You hit the leopard gecko.
The leopard gecko is severely wounded.
The leopard gecko misses you. x2
You hit the leopard gecko.
You kill the leopard gecko!
Lugonu accepts your kill.
No target in view!
Found a stone staircase leading down.
Found 13 stones.
No target in view!
No target in view!
No target in view!
You open the door.
A dart slug comes into view.
Found a ration.
A goblin comes into view.
There is an open door here.
There are monsters nearby!
The goblin shouts!
You hit the dart slug but do no damage. The dart slug barely misses you.
You hit the dart slug but do no damage. The dart slug barely misses you.
You hit the goblin.
You kill the goblin!
Lugonu accepts your kill.
You hit the dart slug.
The dart slug is severely wounded.
The dart slug bites you but does no damage.
You hit the dart slug.
You kill the dart slug!
Lugonu accepts your kill.
No target in view!
c - 5 rations (gained 1)
You open the door.
Found a stone staircase leading down.
There is an open door here.
Jessica the Apprentice Sorceress comes into view.
Jessica shouts!
Jessica gestures at you while chanting. Pain shoots through your body!
You take 3 damage, and have 21/24 hp.
Jessica casts a spell.
Jessica seems to speed up.
You see here a ration.
Jessica closely misses you. Jessica misses you.
You hit Jessica but do no damage. Jessica barely misses you.
You closely miss Jessica. Jessica hits you.
Jessica hits you but does no damage.
You take 2 damage, and have 19/24 hp.
You barely miss Jessica. Jessica hits you but does no damage.
You barely miss Jessica. Jessica misses you.
Jessica points at you and mumbles some strange words.
Pain shoots through your body!
* * * LOW HITPOINT WARNING * * *
You take 8 damage, and have 12/24 hp.
MASSIVE DAMAGE!!
You barely miss Jessica. Jessica hits you but does no damage.
You hit Jessica but do no damage. Jessica closely misses you.
You hit Jessica. You punch Jessica.
Jessica is heavily wounded.
Jessica gestures at you while chanting. Pain shoots through your body!
* * * LOW HITPOINT WARNING * * *
Jessica gestures at you while chanting.
You feel yourself slow down.
You take 4 damage, and have 8/24 hp.
You hit Jessica.
Jessica is almost dead.
Jessica closely misses you. Jessica casts a spell at you.
Pain shoots through your body!
Ouch! That really hurt!
You die...

##.#
##.....##
#.# ##...##
#.# ##'##
#.# #.# #.
#### #.#
##...##.## #
#........#.#
.......%...#
.......@.#.#
.......@...#
#.....#.####
##...##.#
#### #.# #.#
#.# #.#


You could see Jessica.

Vanquished Creatures
  2 dart slugs (D:2)
  2 leopard geckos (D:2)
  2 ball pythons (D:1)
  5 bats (D:1)
  A giant cockroach (D:1)
  3 goblins
  3 hobgoblins (D:1)
  2 jackals (D:1)
  2 kobolds (D:1)
  2 frilled lizards
  3 rats (D:1)
27 creatures vanquished.

Notes
Turn   | Place    | Note
-------+----------+-------------------------------------------
     0 | Abyss:1  | Monsterracer the Kobold Abyssal Knight began the quest for
                  | the Orb.
     0 | Abyss:1  | Reached XP level 1. HP: 14/14 MP: 2/2
   127 | Abyss:1  | Noticed a starcursed mass
   129 | D:1      | Escaped the Abyss
   257 | D:1      | HP: 6/14 [goblin (3)]
   264 | D:1      | HP: 3/14 [bat (1)]
   682 | D:1      | Reached XP level 2. HP: 19/19 MP: 3/3
   892 | D:1      | Reached * piety under Lugonu
   930 | D:1      | HP: 9/19 [kobold (3)]
  1337 | D:1      | Reached XP level 3. HP: 21/24 MP: 4/4
  1881 | D:2      | Noticed Jessica
  1889 | D:2      | HP: 12/24 [Jessica/nerve-wracking pain (8)]
  1893 | D:2      | Killed from afar by Jessica

Skill      XL: |  1  2  3 |
---------------+----------+-----
Unarmed Combat | 3 |  3.2
Fighting       | |  3.8
Armour         | |  0.7
Dodging        | |  2.4
Invocations    | |  2.0

Action                   || total
-------------------------++-------
Melee: Unarmed           ||   113
       Punch             ||     2
Invok: Depart the Abyss  ||     1
  Eat: Chunk             ||    11
Armor: Leather armour    ||    23
Dodge: Dodged            ||   101

Levels and vault maps discovered:
D:1:      dpeg_arrival_leaves_temple_mockup, layout_basic, hex_tiny
D:2:      layout_loops_corners, overflow_temple_1_default, minitemple,
          uniq_jessica, uniq_crazy_yiuf_cottage
Abyss:1
